| TOP OF THE 1ST |
|
Oregon State University Beavers batting - Pitching for University of Miami Hurricanes : RHP Leon Valle
|
|
Pitching: RHP Leon Valle
|
|
|
Batting: LHB Karel Hort
|
0-0: Ball 1-0: Ball 2-0: Foul Ball, location: 2F 2-1: Ball 3-1: Ground out 3-1 (Groundball, 34S, EV 78.1 MPH)
|
|
Batting: RHB Joel Gomez
|
0-0: Ball 1-0: Foul Ball, location: 2F 1-1: Called Strike 1-2: Fly out, F9 (Flyball, 9, EV 78.1 MPH)
|
|
Batting: RHB Xavier Williams
|
0-0: Ground out U3 (Groundball, 3S, EV 83.1 MPH)
|
| Top of the 1st over - 0 runs, 0 hits, 0 errors, 0 left on base; Oregon State University 0 - University of Miami 0 |
| BOTTOM OF THE 1ST |
|
University of Miami Hurricanes batting - Pitching for Oregon State University Beavers : RHP Johnathan Johnson
|
|
Pitching: RHP Johnathan Johnson
|
|
|
Batting: RHB Guo Kwok
|
0-0: SINGLE (Groundball, 56D, EV 106.9 MPH)
|
|
Batting: LHB Timotheus Young
|
0-0: Ball 1-0: Swinging Strike 1-1: Swinging Strike 1-2: Strikes out swinging
|
|
Batting: RHB Cesar Rendon
|
0-0: Ball 1-0: Swinging Strike 1-1: Called Strike 1-2: SINGLE (Line Drive, 7S, EV 106.9 MPH) Guo Kwok to second
|
|
Batting: LHB Eric Willis
|
0-0: Called Strike 0-1: Ball 1-1: Fly out, F6 (Popup, 56D, EV 46.3 MPH)
|
|
Batting: LHB Kiyosumi Yoshioka
|
0-0: Fly out, F4 (Flyball, 34D, EV 90.6 MPH)
|
| Bottom of the 1st over - 0 runs, 2 hits, 0 errors, 2 left on base; Oregon State University 0 - University of Miami 0 |
| TOP OF THE 2ND |
|
Oregon State University Beavers batting - Pitching for University of Miami Hurricanes : RHP Leon Valle
|
|
Batting: RHB Itocravo Arrochela
|
0-0: Called Strike 0-1: Foul Ball, location: 2F 0-2: Strikes out looking
|
|
Batting: RHB Gustavo Diaz
|
0-0: Called Strike 0-1: Called Strike 0-2: Ball 1-2: Foul Ball, location: 2F 1-2: Fly out, F3 (Popup, 3S, EV 83.1 MPH)
|
|
Batting: LHB Borislav Draganov
|
0-0: Ground out U3 (Groundball, 3, EV 88.8 MPH)
|
| Top of the 2nd over - 0 runs, 0 hits, 0 errors, 0 left on base; Oregon State University 0 - University of Miami 0 |
| BOTTOM OF THE 2ND |
|
University of Miami Hurricanes batting - Pitching for Oregon State University Beavers : RHP Johnathan Johnson
|
|
Batting: RHB Dustin Goldsborough
|
0-0: Ball 1-0: Foul Ball, location: 2F 1-1: Ball 2-1: Swinging Strike 2-2: Foul Ball, location: 2F 2-2: Foul Ball, location: 2F 2-2: Ball 3-2: Base on Balls
|
|
Batting: SHB Dan Strickland
|
0-0: Swinging Strike 0-1: Fly out, F8 (Line Drive, 8LD, EV 91.9 MPH)
|
|
Batting: RHB Akira Kubo
|
0-0: Ball 1-0: Swinging Strike Dustin Goldsborough is caught stealing 2nd base 2-4 1-1: Ball 2-1: Ball 3-1: Base on Balls
|
|
Batting: RHB John Norton
|
0-0: Called Strike 0-1: Reached on error, E5 (Groundball, 56S, EV 88.1 MPH) Akira Kubo to second
|
|
Batting: RHB Guo Kwok
|
0-0: Foul Ball, location: 2F 0-1: Ball 1-1: Foul Ball, location: 2F 1-2: SINGLE (Line Drive, 56, EV 100.6 MPH) Akira Kubo to third John Norton to second
|
|
Batting: LHB Timotheus Young
|
0-0: Ball 1-0: Ball 2-0: Ball 3-0: Called Strike 3-1: Foul Ball, location: 2F 3-2: Base on Balls Akira Kubo scores John Norton to third Guo Kwok to second
|
|
Batting: RHB Cesar Rendon
|
0-0: Ball 1-0: Called Strike 1-1: Swinging Strike 1-2: Fielders Choice at 2nd, 5-4 (Groundball, 56, EV 102.5 MPH)
|
| Bottom of the 2nd over - 1 run, 1 hit, 1 error, 3 left on base; Oregon State University 0 - University of Miami 1 |
| TOP OF THE 3RD |
|
Oregon State University Beavers batting - Pitching for University of Miami Hurricanes : RHP Leon Valle
|
|
Batting: RHB Jesus Ruiz
|
0-0: Swinging Strike 0-1: Ball 1-1: Called Strike 1-2: Ball 2-2: Foul Ball, location: 2F 2-2: SINGLE (Line Drive, 6MD, EV 98.8 MPH)
|
|
Batting: LHB Edwin Bautista
|
0-0: Fielders Choice at 2nd, 4-6 (Groundball, 4, EV 104.4 MPH)
|
|
Batting: RHB Noel Bodkin
|
0-0: Foul Ball, location: 2F 0-1: Swinging Strike 0-2: Ball 1-2: Strikes out swinging
|
|
Batting: LHB Karel Hort
|
0-0: Ball 1-0: Fly out, F8 (Line Drive, 8RD, EV 92.5 MPH)
|
| Top of the 3rd over - 0 runs, 1 hit, 0 errors, 1 left on base; Oregon State University 0 - University of Miami 1 |
| BOTTOM OF THE 3RD |
|
University of Miami Hurricanes batting - Pitching for Oregon State University Beavers : RHP Johnathan Johnson
|
|
Batting: LHB Eric Willis
|
0-0: Ball 1-0: SINGLE (Groundball, 13, EV 78.8 MPH) (infield hit)
|
|
Batting: LHB Kiyosumi Yoshioka
|
0-0: Ball 1-0: Ball 2-0: Fielders Choice at 2nd, 6-4 (Groundball, 6, EV 80.6 MPH)
|
|
Batting: RHB Dustin Goldsborough
|
0-0: SINGLE (Groundball, 6MD, EV 108.1 MPH) Kiyosumi Yoshioka to second Runner from 2nd tries for 3rd, SAFE, throw by CF made to third
|
|
Batting: SHB Dan Strickland
|
0-0: Called Strike 0-1: Called Strike 0-2: DOUBLE (Line Drive, 3D, EV 102.5 MPH) Kiyosumi Yoshioka scores Dustin Goldsborough to third Runner from 3rd tries for Home, throw by RF and OUT! 9-4-2
|
|
Batting: RHB Akira Kubo
|
0-0: Ball 1-0: Ball 2-0: Ball 3-0: Called Strike 3-1: Fly out, F8 (Flyball, 8RXD, EV 105.6 MPH)
|
| Bottom of the 3rd over - 1 run, 3 hits, 0 errors, 1 left on base; Oregon State University 0 - University of Miami 2 |
| TOP OF THE 4TH |
|
Oregon State University Beavers batting - Pitching for University of Miami Hurricanes : RHP Leon Valle
|
|
Batting: RHB Joel Gomez
|
0-0: Ball 1-0: Swinging Strike 1-1: Foul Ball, location: 2F 1-2: Ground out 5-3 (Groundball, 56, EV 101.3 MPH)
|
|
Batting: RHB Xavier Williams
|
0-0: Called Strike 0-1: Called Strike 0-2: Ball 1-2: Foul Ball, location: 2F 1-2: Foul Ball, location: 2F 1-2: Fly out, F9 (Flyball, 9D, EV 90.6 MPH)
|
|
Batting: RHB Itocravo Arrochela
|
0-0: Ball 1-0: Foul Ball, location: 2F 1-1: Ball 2-1: Fly out, F5 (Popup, 6S, EV 81.9 MPH)
|
| Top of the 4th over - 0 runs, 0 hits, 0 errors, 0 left on base; Oregon State University 0 - University of Miami 2 |
| BOTTOM OF THE 4TH |
|
University of Miami Hurricanes batting - Pitching for Oregon State University Beavers : RHP Johnathan Johnson
|
|
Batting: RHB John Norton
|
0-0: Ball 1-0: Foul Ball, location: 2F 1-1: DOUBLE (Groundball, 5L, EV 100.0 MPH)
|
|
Batting: RHB Guo Kwok
|
0-0: Ball 1-0: Ball 2-0: Called Strike 2-1: Foul Ball, location: 2F 2-2: Fly out, F9 (Flyball, 89M, EV 78.8 MPH)
|
|
Batting: LHB Timotheus Young
|
0-0: Called Strike 0-1: Fly out, F4 (Popup, 4S, EV 70.0 MPH)
|
|
Batting: RHB Cesar Rendon
|
0-0: Called Strike 0-1: Ground out 5-3 (Groundball, 56, EV 81.9 MPH)
|
| Bottom of the 4th over - 0 runs, 1 hit, 0 errors, 1 left on base; Oregon State University 0 - University of Miami 2 |
| TOP OF THE 5TH |
|
Oregon State University Beavers batting - Pitching for University of Miami Hurricanes : RHP Leon Valle
|
|
Batting: RHB Gustavo Diaz
|
0-0: Fly out, F5 (Line Drive, 5, EV 70.0 MPH)
|
|
Batting: LHB Borislav Draganov
|
0-0: Foul Ball, location: 2F 0-1: Ball 1-1: Called Strike 1-2: Ball 2-2: SINGLE (Line Drive, 78S, EV 92.5 MPH)
|
|
Batting: RHB Jesus Ruiz
|
0-0: Ball Pickoff Throw to First - Out! 1-3 1-0: Fly out, F8 (Flyball, 89D, EV 90.6 MPH)
|
| Top of the 5th over - 0 runs, 1 hit, 0 errors, 0 left on base; Oregon State University 0 - University of Miami 2 |
| BOTTOM OF THE 5TH |
|
University of Miami Hurricanes batting - Pitching for Oregon State University Beavers : RHP Johnathan Johnson
|
|
Batting: LHB Eric Willis
|
0-0: Called Strike 0-1: SINGLE (Groundball, 4M, EV 85.6 MPH) (infield hit)
|
|
Batting: LHB Kiyosumi Yoshioka
|
0-0: Ball 1-0: Fly out, F7 (Flyball, 7LM, EV 81.9 MPH)
|
|
Batting: RHB Dustin Goldsborough
|
0-0: Called Strike 0-1: Called Strike 0-2: Strikes out looking
|
|
Pitching: RHP Jurdão Maceneiro
|
|
|
Batting: SHB Dan Strickland
|
0-0: Ball 1-0: Swinging Strike 1-1: Foul Ball, location: 2F 1-2: Strikes out swinging
|
| Bottom of the 5th over - 0 runs, 1 hit, 0 errors, 1 left on base; Oregon State University 0 - University of Miami 2 |
| TOP OF THE 6TH |
|
Oregon State University Beavers batting - Pitching for University of Miami Hurricanes : RHP Leon Valle
|
|
Batting: LHB Edwin Bautista
|
0-0: Called Strike 0-1: Foul Ball, location: 2F 0-2: Ball 1-2: Foul Ball, location: 2F 1-2: Ball 2-2: Strikes out looking
|
|
Batting: RHB Noel Bodkin
|
0-0: Ball 1-0: Fly out, F8 (Line Drive, 8RD, EV 94.4 MPH)
|
|
Batting: LHB Karel Hort
|
0-0: Called Strike 0-1: Foul Ball, location: 2F 0-2: Foul Ball, location: 2F 0-2: Strikes out swinging
|
| Top of the 6th over - 0 runs, 0 hits, 0 errors, 0 left on base; Oregon State University 0 - University of Miami 2 |
| BOTTOM OF THE 6TH |
|
University of Miami Hurricanes batting - Pitching for Oregon State University Beavers : RHP Jurdão Maceneiro
|
|
Batting: RHB Akira Kubo
|
0-0: Called Strike 0-1: Ball 1-1: Swinging Strike 1-2: Foul Ball, location: 2F 1-2: Strikes out swinging
|
|
Batting: RHB John Norton
|
0-0: SINGLE (Flyball, 7LS, EV 96.9 MPH)
|
|
Batting: RHB Guo Kwok
|
0-0: Called Strike John Norton is caught stealing 2nd base 2-4 0-1: Foul Ball, location: 2F 0-2: Foul Ball, location: 2F 0-2: Ball 1-2: Ground out 6-3 (Groundball, 6, EV 105.6 MPH)
|
| Bottom of the 6th over - 0 runs, 1 hit, 0 errors, 0 left on base; Oregon State University 0 - University of Miami 2 |
| TOP OF THE 7TH |
|
Oregon State University Beavers batting - Pitching for University of Miami Hurricanes : RHP Leon Valle
|
|
Batting: RHB Joel Gomez
|
0-0: Foul Ball, location: 2F 0-1: Ball 1-1: SINGLE (Flyball, 34D, EV 86.9 MPH)
|
|
Pinch Hitting: RHB Carlomaria Murrone
|
0-0: Ball 1-0: Ball 2-0: Called Strike 2-1: Ball 3-1: SINGLE (Groundball, 6S, EV 98.8 MPH) Joel Gomez to second
|
|
Batting: RHB Itocravo Arrochela
|
0-0: Ball 1-0: Fly out, F8 (Flyball, 8LD, EV 100.6 MPH)
|
|
Pitching: RHP Sean Jordan
|
|
|
Batting: RHB Gustavo Diaz
|
0-0: Ball 1-0: Foul Ball, location: 2F 1-1: Ball 2-1: Swinging Strike 2-2: Fly out, F6 (Popup, 6MS, EV 65.0 MPH)
|
|
Batting: LHB Borislav Draganov
|
0-0: Called Strike 0-1: Swinging Strike 0-2: Strikes out swinging
|
| Top of the 7th over - 0 runs, 2 hits, 0 errors, 2 left on base; Oregon State University 0 - University of Miami 2 |
| BOTTOM OF THE 7TH |
|
University of Miami Hurricanes batting - Pitching for Oregon State University Beavers : RHP Jurdão Maceneiro
|
|
Now at 1B: Carlomaria Murrone
|
|
|
Batting: LHB Timotheus Young
|
0-0: Ball 1-0: Ground out U3 (Groundball, 34S, EV 76.9 MPH)
|
|
Batting: RHB Cesar Rendon
|
0-0: Ball 1-0: Ball 2-0: Ground out 6-3 (Groundball, 6, EV 104.4 MPH)
|
|
Batting: LHB Eric Willis
|
0-0: Ball 1-0: Foul Ball, location: 2F 1-1: TRIPLE (Flyball, 78XD, EV 96.3 MPH)
|
|
Batting: LHB Kiyosumi Yoshioka
|
0-0: Ball 1-0: Foul Ball, location: 2F 1-1: SINGLE (Flyball, 78S, EV 85.0 MPH) Eric Willis scores
|
|
Batting: RHB Dustin Goldsborough
|
0-0: Called Strike 0-1: Called Strike 0-2: Strikes out swinging
|
| Bottom of the 7th over - 1 run, 2 hits, 0 errors, 1 left on base; Oregon State University 0 - University of Miami 3 |
| TOP OF THE 8TH |
|
Oregon State University Beavers batting - Pitching for University of Miami Hurricanes : RHP Sean Jordan
|
|
Batting: RHB Jesus Ruiz
|
0-0: Ball 1-0: Fly out, F7 (Line Drive, 7, EV 100.0 MPH)
|
|
Batting: LHB Edwin Bautista
|
0-0: Swinging Strike 0-1: Swinging Strike 0-2: Ground out 4-3 (Groundball, 4, EV 81.3 MPH)
|
|
Batting: RHB Noel Bodkin
|
0-0: Foul Ball, location: 2F 0-1: Called Strike 0-2: Strikes out swinging
|
| Top of the 8th over - 0 runs, 0 hits, 0 errors, 0 left on base; Oregon State University 0 - University of Miami 3 |
| BOTTOM OF THE 8TH |
|
University of Miami Hurricanes batting - Pitching for Oregon State University Beavers : RHP Jurdão Maceneiro
|
|
Pitching: RHP John Brooks
|
|
|
Batting: SHB Dan Strickland
|
0-0: Foul Ball, location: 2F 0-1: Ball 1-1: Foul Ball, location: 2F 1-2: Ground out 2-3 (Groundball, 2L, EV 75.6 MPH)
|
|
Batting: RHB Akira Kubo
|
0-0: Foul Ball, location: 2F 0-1: Swinging Strike 0-2: Ball 1-2: Ball 2-2: Ball 3-2: Fly out, F7 (Flyball, 7LS, EV 79.4 MPH)
|
|
Batting: RHB John Norton
|
0-0: Called Strike 0-1: Ball 1-1: Ball 2-1: Ground out 5-3 (Groundball, 56, EV 105.6 MPH)
|
| Bottom of the 8th over - 0 runs, 0 hits, 0 errors, 0 left on base; Oregon State University 0 - University of Miami 3 |
| TOP OF THE 9TH |
|
Oregon State University Beavers batting - Pitching for University of Miami Hurricanes : RHP Sean Jordan
|
|
Pitching: LHP Min Xue
|
|
|
Batting: LHB Karel Hort
|
0-0: Foul Ball, location: 2F 0-1: Ball 1-1: Ball 2-1: Foul Ball, location: 2F 2-2: Ground out 4-3 (Groundball, 4S, EV 67.5 MPH)
|
|
Batting: RHB Joel Gomez
|
0-0: Called Strike 0-1: Ball 1-1: Foul Ball, location: 2F 1-2: SINGLE (Groundball, P, EV 79.4 MPH) (infield hit)
|
|
Batting: RHB Carlomaria Murrone
|
0-0: Called Strike 0-1: SINGLE (Line Drive, 3D, EV 95.6 MPH) Joel Gomez to second
|
|
Pinch Hitting: RHB Austin Sweetman
|
0-0: Called Strike 0-1: Ball 1-1: Called Strike 1-2: Ball 2-2: Strikes out swinging
|
|
Batting: RHB Gustavo Diaz
|
0-0: Ball 1-0: Called Strike 1-1: Ball Passed Ball! Joel Gomez to third Carlomaria Murrone to second 2-1: SINGLE (Groundball, 6M, EV 110.0 MPH) Joel Gomez scores Carlomaria Murrone to third
|
|
Batting: LHB Borislav Draganov
|
0-0: Called Strike 0-1: 3-RUN HOME RUN (Flyball, 78XD, EV 105.6 MPH), Distance : 396 ft
|
|
Pitching: RHP Brian Jarrett
|
|
|
Batting: RHB Jesus Ruiz
|
0-0: Swinging Strike 0-1: Ball 1-1: SINGLE (Groundball, 34D, EV 105.0 MPH)
|
|
Batting: LHB Edwin Bautista
|
0-0: Ball 1-0: Foul Ball, location: 2F 1-1: Called Strike 1-2: Ball 2-2: Foul Ball, location: 2F 2-2: Ball 3-2: Fly out, F7 (Flyball, 78M, EV 95.6 MPH)
|
| Top of the 9th over - 4 runs, 5 hits, 0 errors, 1 left on base; Oregon State University 4 - University of Miami 3 |
| BOTTOM OF THE 9TH |
|
University of Miami Hurricanes batting - Pitching for Oregon State University Beavers : RHP John Brooks
|
|
Pitching: RHP Mike Barnhill
|
|
|
Now at 2B: Karel Hort
|
|
|
Now in CF: Seth Fox
|
|
|
Now in RF: Borislav Draganov
|
|
|
Batting: RHB Guo Kwok
|
0-0: Ball 1-0: Called Strike 1-1: Ground out 6-3 (Groundball, 6, EV 87.5 MPH)
|
|
Pinch Hitting: LHB Ramon Garduno
|
0-0: Ball 1-0: Ball 2-0: Ball 3-0: Called Strike 3-1: Foul Ball, location: 2F 3-2: Base on Balls
|
|
Pinch Hitting: RHB Carlos Almada
|
0-0: Ball 1-0: Ball 2-0: Ball 3-0: Called Strike 3-1: Foul Ball, location: 2F 3-2: Base on Balls Ramon Garduno to second
|
|
Batting: LHB Eric Willis
|
0-0: Fly out, F7 (Flyball, 7LD, EV 89.4 MPH)
|
|
Batting: LHB Kiyosumi Yoshioka
|
0-0: Ball 1-0: Ball 2-0: Ball 3-0: Base on Balls Ramon Garduno to third Carlos Almada to second
|
|
Batting: RHB Dustin Goldsborough
|
0-0: Fly out, F9 (Flyball, 9S, EV 95.6 MPH)
|
| Bottom of the 9th over - 0 runs, 0 hits, 0 errors, 3 left on base; Oregon State University 4 - University of Miami 3 |
|